Wolves vs Penguins

Created - Monday, December 15, 2014 at 22:08

Goals
1 2 3 OT1 T
Wolves 0 0 0 1 1
Penguins 0 0 0 0 0
Shots
1 2 3 OT1 T
Wolves 1 8 4 3 16
Penguins 11 10 6 1 28

1st period

No Goal

Penalties :
Yann Sauve (CHI) for Hooking (Minor) at 9:30, Cedric Paquette (CHI) for Tripping (Minor) at 14:48

2nd period

No Goal

Penalties :
Jeff Schultz (WBS) for Fighting (Major) at 0:59, Daniel Carcillo (CHI) for Fighting (Major) at 0:59, Curtis McKenzie (WBS) for Holding (Minor) at 2:13, Matt Kassian (WBS) for Fighting (Major) at 15:40, Daniel Carcillo (CHI) for Fighting (Major) at 15:40, Matt Kassian (WBS) for instigated a fight (Minor) at 15:40, Matt Kassian (WBS) for instigated a fight (10 Minutes Misconduct) at 15:40, Carson McMillan (WBS) for Fighting (Major) at 18:09, Dane Byers (CHI) for Fighting (Major) at 18:09, Carson McMillan (WBS) for instigated a fight (Minor) at 18:09, Carson McMillan (WBS) for instigated and being the aggresor in a fight (20 Minutes Game Misconduct) at 18:09, Chris Terry (CHI) for Hooking (Minor) at 18:15

3rd period

No Goal

Penalties :
Dan Biega (WBS) for Fighting (Major) at 0:51, Aaron Volpatti (CHI) for Fighting (Major) at 0:51

Overtime #1

1. Wolves , Chris Terry 5 (Kent Huskins, Jared Boll) at 0:36

Penalties :
No Penalty

Goalie Stats

Peter Mannino (CHI), 28 saves from 28 shots - (1.000), W, 15-4-2, 60:36 minutes
Keith Kinkaid (WBS), 15 saves from 16 shots - (0.938), OTL, 22-3-9, 60:36 minutes

Players Stats for Wolves

Player Name              G  A  P  +/- PIM S  H  SB GA TA FO     MP     PP MP  PK MP  
------------------------------------------------------------------------------------
Aaron Volpatti           0  0  0   0  5   4  2  0  3  0  0/4    16:29   1:14   0:06 
Cedric Paquette          0  0  0   0  2   1  1  1  3  0  5/10   18:22   2:03   0:00 
Chris Terry              1  0  1   1  2   2  1  1  2  3  2/4    21:50   2:00   1:50 
Christian Hanson         0  0  0   0  0   2  0  1  1  1  1/2    18:17   2:03   0:00 
Corbin McPherson         0  0  0   0  0   0  0  0  0  2  0/0    20:41   1:49   1:02 
Dane Byers               0  0  0   0  5   1  0  0  0  1  0/1    11:56   0:00   1:33 
Daniel Carcillo          0  0  0   0  10  1  1  1  2  0  0/0    15:10   0:00   0:50 
Farm Player1             0  0  0   0  0   0  1  0  0  0  0/0    15:46   0:00   0:44 
Farm Player20            0  0  0   0  0   0  0  0  0  0  0/0     5:17   0:00   0:00 
Jared Boll               0  1  1   1  0   1  1  0  2  0  1/1    18:32   2:01   2:32 
Joel Broda               0  0  0   0  0   0  1  0  1  0  2/4     9:28   0:00   0:27 
Jordan Schroeder         0  0  0   0  0   0  0  0  3  0  5/12   14:17   2:01   0:50 
Kent Huskins             0  1  1   1  0   2  1  2  0  1  0/0    21:15   2:15   3:02 
Landon Ferraro           0  0  0   0  0   1  0  0  1  5  1/4    15:57   0:49   0:00 
Logan Shaw               0  0  0   0  0   0  2  0  0  0  0/0    13:12   0:00   0:00 
Mark Pysyk               0  0  0   1  0   0  1  4  1  5  0/0    25:58   2:15   3:02 
Michael Caruso           0  0  0   0  0   0  0  0  0  0  0/0    13:57   0:00   0:00 
Yann Sauve               0  0  0   0  2   1  0  0  0  0  0/0    19:56   1:49   0:18 

Players Stats for Penguins

Player Name              G  A  P  +/- PIM S  H  SB GA TA FO     MP     PP MP  PK MP  
------------------------------------------------------------------------------------
Andrej Sustr             0  0  0   0  0   4  0  0  0  1  0/0    23:49   2:16   0:41 
Carson McMillan          0  0  0   0  27  0  1  1  1  0  6/7    10:12   1:21   0:00 
Charles Sarault          0  0  0   0  0   0  1  1  1  0  2/9    17:07   1:12   0:00 
Chris Huxley             0  0  0   0  0   0  1  0  1  0  0/0    18:38   0:00   1:24 
Cody Ceci                0  0  0  -1  0   3  0  0  0  3  0/0    27:18   1:43   3:23 
Curtis McKenzie          0  0  0  -1  2   1  3  0  0  0  7/10   22:01   1:37   1:31 
Dan Biega                0  0  0   0  5   0  0  3  0  0  0/0    22:14   2:16   0:41 
Dean Arsene              0  0  0   0  0   0  2  0  0  0  0/0     5:59   0:05   0:00 
Drew Bagnall             0  0  0   0  0   0  0  0  0  0  0/0     1:40   0:05   0:00 
Garrett Meurs            0  0  0   0  0   0  1  0  0  1  0/0    18:12   1:21   0:32 
Hunter Bishop            0  0  0   0  0   0  1  0  0  1  0/0    13:20   0:00   0:00 
J.C. Lipon               0  0  0   0  0   3  0  1  6  0  1/1    16:09   2:37   0:00 
Jeff Schultz             0  0  0  -1  5   4  1  0  0  2  0/0    23:40   1:43   1:59 
Linden Vey               0  0  0   0  0   2  0  0  4  1  1/2    15:59   0:00   2:01 
Mark McNeill             0  0  0  -1  0   6  0  0  4  2  8/12   20:57   2:43   3:29 
Matt Kassian             0  0  0   0  17  2  5  0  3  0  0/1    13:12   1:21   0:00 
Philippe Cornet          0  0  0   0  0   1  2  1  2  1  0/0    15:29   0:00   0:35 
Tye McGinn               0  0  0   0  0   2  2  0  2  1  0/0    10:26   0:00   0:00 

3 Stars

1 - Peter Mannino (CHI)
2 - Keith Kinkaid (WBS)
3 - Chris Terry (CHI)

Power Play

Wolves - 0 on 3 Attempt(s) - 0.00%
Penguins - 0 on 3 Attempt(s) - 0.00%

Penalty Kill

Wolves - 3 on 3 Attempt(s) - 100.00% - Score 0 goal in Penalty Kill
Penguins - 3 on 3 Attempt(s) - 100.00% - Score 0 goal in Penalty Kill

Official

Referees : Unknown
Linesman : Unknown

Game Notes

Jeff Schultz beats up Daniel Carcillo at 0:59 of 2nd period
Matt Kassian beats up Daniel Carcillo at 15:40 of 2nd period
Carson McMillan beats up Dane Byers at 18:09 of 2nd period
Carson McMillan ejected from game at 18:09 of 2nd period
Dan Biega beats up Aaron Volpatti at 0:51 of 3rd period

Finance

Level 1 -- Attendance: 1605 (80.25%) -- Ticket Income $56,175
Level 2 -- Attendance: 726 (72.60%) -- Ticket Income $10,890
Total Attendance: 2331 (77.70%)
Total Ticket Income: $67,065
Other Income: $32,862
Total Income: $99,927

Wolves

5 vs 5 Forward 
   Center                   Left Wing                Right Wing               Time % Phy DF OF 
 1 Jordan Schroeder         Chris Terry              Jared Boll               35     1   2  2  
 2 Cedric Paquette          Daniel Carcillo          Christian Hanson         30     1   2  2  
 3 Landon Ferraro           Aaron Volpatti           Logan Shaw               22     1   2  2  
 4 Joel Broda               Dane Byers               Chris Terry              13     1   2  2  

5 vs 5 Defense 
   Defense                  Defense                                           Time % Phy DF OF 
 1 Mark Pysyk               Kent Huskins                                      35     1   2  2  
 2 Corbin McPherson         Yann Sauve                                        30     1   2  2  
 3 Michael Caruso           Farm Player1                                      22     1   2  2  
 4 Farm Player20            Mark Pysyk                                        13     1   2  2  

PowerPlay Forward 
   Center                   Left Wing                Right Wing               Time % Phy DF OF 
 1 Jordan Schroeder         Chris Terry              Jared Boll               60     1   2  2  
 2 Cedric Paquette          Daniel Carcillo          Christian Hanson         40     1   2  2  

PowerPlay Defense
   Defense                  Defense                                           Time % Phy DF OF 
 1 Mark Pysyk               Kent Huskins                                      60     1   2  2  
 2 Corbin McPherson         Yann Sauve                                        40     1   2  2  

Penalty Kill 4 Players Forward 
   Center                   Wing                     Time % Phy DF OF 
 1 Chris Terry              Jared Boll               60     1   2  2  
 2 Jordan Schroeder         Daniel Carcillo          40     1   2  2  

Penalty Kill 4 Players Defense
   Defense                  Defense                  Time % Phy DF OF 
 1 Mark Pysyk               Kent Huskins             60     1   2  2  
 2 Corbin McPherson         Yann Sauve               40     1   2  2  

Penalty Kill - 3 Players Forward 
   Forward                                           Time % Phy DF OF 
 1 Chris Terry                                       60     1   2  2  
 2 Jared Boll                                        40     1   2  2  

Penalty Kill - 3 Players Defense
   Defense                  Defense                  Time % Phy DF OF 
 1 Mark Pysyk               Kent Huskins             60     1   2  2  
 2 Corbin McPherson         Yann Sauve               40     1   2  2  

4 vs 4 Forward 
   Center                   Wing                     Time % Phy DF OF 
 1 Chris Terry              Jared Boll               60     1   2  2  
 2 Jordan Schroeder         Daniel Carcillo          40     1   2  2  

4 vs 4 Defense
   Defense                  Defense                  Time % Phy DF OF 
 1 Mark Pysyk               Kent Huskins             60     1   2  2  
 2 Corbin McPherson         Yann Sauve               40     1   2  2  

Last Minutes Offensive
   Center                   Left Wing                Right Wing               Defense                  Defense                  
   Jordan Schroeder         Chris Terry              Jared Boll               Mark Pysyk               Kent Huskins             

Last Minutes Defensive
   Center                   Left Wing                Right Wing               Defense                  Defense                  
   Jordan Schroeder         Chris Terry              Jared Boll               Mark Pysyk               Kent Huskins             

Goaltenders
Starting : Peter Mannino            
Backup : Scott Wedgewood          

Extra Forwards
Normal : Aaron Volpatti, Landon Ferraro, Dane Byers - PP : Aaron Volpatti, Landon Ferraro - PK : Dane Byers
Extra Defensemen
Normal : Michael Caruso, Farm Player1, Farm Player20 - PP : Michael Caruso - PK : Farm Player1, Farm Player20
Penalty Shots
Chris Terry, Jared Boll, Jordan Schroeder, Daniel Carcillo, Aaron Volpatti

Penguins

5 vs 5 Forward 
   Center                   Left Wing                Right Wing               Time % Phy DF OF 
 1 Mark McNeill             Curtis McKenzie          J.C. Lipon               35     1   2  2  
 2 Carson McMillan          Matt Kassian             Garrett Meurs            30     1   2  2  
 3 Charles Sarault          Philippe Cornet          Linden Vey               22     1   2  2  
 4 Curtis McKenzie          Hunter Bishop            Tye McGinn               13     1   2  2  

5 vs 5 Defense 
   Defense                  Defense                                           Time % Phy DF OF 
 1 Cody Ceci                Jeff Schultz                                      35     1   2  2  
 2 Andrej Sustr             Dan Biega                                         30     1   2  2  
 3 Cody Ceci                Chris Huxley                                      22     1   2  2  
 4 Cody Ceci                Jeff Schultz                                      13     1   2  2  

PowerPlay Forward 
   Center                   Left Wing                Right Wing               Time % Phy DF OF 
 1 Mark McNeill             Curtis McKenzie          J.C. Lipon               60     1   2  2  
 2 Carson McMillan          Matt Kassian             Garrett Meurs            40     1   2  2  

PowerPlay Defense
   Defense                  Defense                                           Time % Phy DF OF 
 1 Cody Ceci                Jeff Schultz                                      60     1   2  2  
 2 Andrej Sustr             Dan Biega                                         40     1   2  2  

Penalty Kill 4 Players Forward 
   Center                   Wing                     Time % Phy DF OF 
 1 Curtis McKenzie          Mark McNeill             60     1   2  2  
 2 Matt Kassian             Philippe Cornet          40     1   2  2  

Penalty Kill 4 Players Defense
   Defense                  Defense                  Time % Phy DF OF 
 1 Cody Ceci                Jeff Schultz             60     1   2  2  
 2 Andrej Sustr             Dan Biega                40     1   2  2  

Penalty Kill - 3 Players Forward 
   Forward                                           Time % Phy DF OF 
 1 Curtis McKenzie                                   60     1   2  2  
 2 Mark McNeill                                      40     1   2  2  

Penalty Kill - 3 Players Defense
   Defense                  Defense                  Time % Phy DF OF 
 1 Cody Ceci                Jeff Schultz             60     1   2  2  
 2 Andrej Sustr             Dan Biega                40     1   2  2  

4 vs 4 Forward 
   Center                   Wing                     Time % Phy DF OF 
 1 Curtis McKenzie          Mark McNeill             60     1   2  2  
 2 Matt Kassian             Philippe Cornet          40     1   2  2  

4 vs 4 Defense
   Defense                  Defense                  Time % Phy DF OF 
 1 Cody Ceci                Jeff Schultz             60     1   2  2  
 2 Andrej Sustr             Dan Biega                40     1   2  2  

Last Minutes Offensive
   Center                   Left Wing                Right Wing               Defense                  Defense                  
   Mark McNeill             Curtis McKenzie          J.C. Lipon               Cody Ceci                Jeff Schultz             

Last Minutes Defensive
   Center                   Left Wing                Right Wing               Defense                  Defense                  
   Mark McNeill             Curtis McKenzie          J.C. Lipon               Cody Ceci                Jeff Schultz             

Goaltenders
Starting : Keith Kinkaid            
Backup : Mark Visentin            

Extra Forwards
Normal : Charles Sarault, Hunter Bishop, Curtis McKenzie - PP : Charles Sarault, Hunter Bishop - PK : Curtis McKenzie
Extra Defensemen
Normal : Cody Ceci, Chris Huxley, Andrej Sustr - PP : Cody Ceci - PK : Chris Huxley, Andrej Sustr
Penalty Shots
Curtis McKenzie, Mark McNeill, Matt Kassian, Philippe Cornet, J.C. Lipon

% Time on Ice - Wolves

Lines # - Real PCT - Wanted PCT - Time Play
Normal Forward
1 - 24% - 35% - 12:04
2 - 32% - 30% - 16:14
3 - 26% - 22% - 13:12
4 - 17% - 13% - 8:29
Normal Defense
1 - 29% - 35% - 14:17
2 - 34% - 30% - 17:02
3 - 28% - 22% - 13:57
4 - 9% - 13% - 4:43
PP Forward
1 - 50% - 60% - 2:01
2 - 50% - 40% - 2:03
PP Defense
1 - 55% - 60% - 2:15
2 - 45% - 40% - 1:49
PK Forward
1 - 80% - 60% - 3:14
2 - 20% - 40% - 0:50
PK Defense
1 - 75% - 60% - 3:02
2 - 25% - 40% - 1:02
PK3 Forward
1 - 0% - 60%
2 - 0% - 40%
PK3 Defense
1 - 0% - 60%
2 - 0% - 40%
44 Forward
1 - 100% - 60% - 2:29
2 - 0% - 40% - 0:00
44 Defense
1 - 68% - 60% - 1:41
2 - 32% - 40% - 0:48
Last Minute Offensive  - 0:00
Last Minute Defensive  - 0:00
Total
Forward - 60:36
Defense - 60:36

% Time on Ice - Penguins

Lines # - Real PCT - Wanted PCT - Time Play
Normal Forward
1 - 27% - 35% - 13:43
2 - 40% - 30% - 20:14
3 - 18% - 22% - 9:03
4 - 14% - 13% - 6:59
Normal Defense
1 - 32% - 35% - 15:50
2 - 40% - 30% - 19:50
3 - 24% - 22% - 12:10
4 - 4% - 13% - 2:09
PP Forward
1 - 67% - 60% - 2:43
2 - 33% - 40% - 1:21
PP Defense
1 - 44% - 60% - 1:48
2 - 56% - 40% - 2:16
PK Forward
1 - 96% - 60% - 3:54
2 - 4% - 40% - 0:10
PK Defense
1 - 83% - 60% - 3:23
2 - 17% - 40% - 0:41
PK3 Forward
1 - 0% - 60%
2 - 0% - 40%
PK3 Defense
1 - 0% - 60%
2 - 0% - 40%
44 Forward
1 - 100% - 60% - 2:29
2 - 0% - 40% - 0:00
44 Defense
1 - 30% - 60% - 0:45
2 - 70% - 40% - 1:44
Last Minute Offensive  - 0:00
Last Minute Defensive  - 0:00
Total
Forward - 60:36
Defense - 60:36

Play by Play

1st period


0:01 of 1st period - Mark McNeill wins face-off versus Jordan Schroeder in neutral zone.
0:04 of 1st period - Snap shot by J.C. Lipon.
0:04 of 1st period - Shot Misses the Net.
0:06 of 1st period - Snap shot by Jeff Schultz.
0:06 of 1st period - Stopped by Peter Mannino with a rebound.
0:08 of 1st period - Backhand shot by Cody Ceci.
0:08 of 1st period - Stopped by Peter Mannino with a rebound.
0:10 of 1st period - Slapshot by Cody Ceci.
0:10 of 1st period - Deflect By Mark McNeill.
0:10 of 1st period - Shot Misses the Net.
0:10 of 1st period - Puck is out of play.
0:11 of 1st period - Mark McNeill wins face-off versus Jordan Schroeder in Wolves zone.
0:12 of 1st period - Wrist shot by J.C. Lipon.
0:12 of 1st period - Shot Blocked by Kent Huskins.
0:14 of 1st period - Slapshot by Curtis McKenzie.
0:14 of 1st period - Stopped by Peter Mannino without a rebound.
0:15 of 1st period - Mark McNeill wins face-off versus Jordan Schroeder in Wolves zone.
0:24 of 1st period - Snap shot by J.C. Lipon.
0:24 of 1st period - Stopped by Peter Mannino with a rebound.
0:35 of 1st period - Wrist shot by J.C. Lipon.
0:35 of 1st period - Stopped by Peter Mannino with a rebound.
0:37 of 1st period - Slapshot by Jeff Schultz.
0:37 of 1st period - Deflect By J.C. Lipon.
0:37 of 1st period - Stopped by Peter Mannino with a rebound.
0:39 of 1st period - Wrist shot by Mark McNeill.
0:39 of 1st period - Shot Misses the Net.
0:41 of 1st period - Wrist shot by Cody Ceci.
0:41 of 1st period - Deflect By Jared Boll.
0:41 of 1st period - Stopped by Peter Mannino without a rebound.
0:42 of 1st period - Cedric Paquette wins face-off versus Matt Kassian in Wolves zone.
0:42 of 1st period - Cedric Paquette is hit by Matt Kassian.
1:02 of 1st period - Slapshot by Andrej Sustr.
1:02 of 1st period - Shot Blocked by Cedric Paquette.
1:18 of 1st period - Corbin McPherson is hit by Garrett Meurs and loses puck.
1:31 of 1st period - Snap shot by Aaron Volpatti.
1:31 of 1st period - Stopped by Keith Kinkaid without a rebound.
1:32 of 1st period - Landon Ferraro wins face-off versus Charles Sarault in Penguins zone.
1:33 of 1st period - Wrist shot by Aaron Volpatti.
1:33 of 1st period - Deflect By Landon Ferraro.
1:33 of 1st period - Shot Misses the Net.
1:33 of 1st period - Puck is out of play.
1:34 of 1st period - Charles Sarault wins face-off versus Landon Ferraro in Penguins zone.
2:37 of 1st period - Joel Broda is hit by Tye McGinn and loses puck.
2:50 of 1st period - Wrist shot by Tye McGinn.
2:50 of 1st period - Stopped by Peter Mannino with a rebound.
5:46 of 1st period - Mark McNeill is hit by Logan Shaw and loses puck.
5:59 of 1st period - Slapshot by Andrej Sustr.
5:59 of 1st period - Deflect By Logan Shaw.
5:59 of 1st period - Stopped by Peter Mannino with a rebound.
8:03 of 1st period - Jeff Schultz is hit by Logan Shaw.
8:27 of 1st period - Jared Boll is hit by Dean Arsene and loses puck.
9:30 of 1st period - Minor Penalty to Yann Sauve for Hooking.
9:31 of 1st period - J.C. Lipon wins face-off versus Dane Byers in Wolves zone.
9:47 of 1st period - Slapshot by Jeff Schultz.
9:47 of 1st period - Deflect By Mark McNeill.
9:47 of 1st period - Shot Blocked by Chris Terry.
9:47 of 1st period - Puck is out of play.
9:48 of 1st period - Chris Terry wins face-off versus Mark McNeill in Wolves zone.
9:55 of 1st period - J.C. Lipon is hit by Mark Pysyk and loses puck.
10:02 of 1st period - Cody Ceci is hit by Jared Boll and loses puck.
10:21 of 1st period - Mark Pysyk is hit by Matt Kassian and loses puck.
10:26 of 1st period - Slapshot by Andrej Sustr.
10:26 of 1st period - Shot Blocked by Mark Pysyk.
11:13 of 1st period - Wrist shot by Dane Byers.
11:13 of 1st period - Shot Misses the Net.
11:30 of 1st period - Penalty to Yann Sauve is over, Yann Sauve is back on ice.
12:15 of 1st period - Jeff Schultz is hit by Farm Player1 and loses puck.
12:43 of 1st period - Snap shot by Daniel Carcillo.
12:43 of 1st period - Shot Misses the Net.
13:34 of 1st period - Snap shot by Garrett Meurs.
13:34 of 1st period - Shot Misses the Net.
13:36 of 1st period - Snap shot by Matt Kassian.
13:36 of 1st period - Stopped by Peter Mannino with a rebound.
14:10 of 1st period - Slapshot by J.C. Lipon.
14:10 of 1st period - Shot Misses the Net.
14:12 of 1st period - Slapshot by Chris Huxley.
14:12 of 1st period - Shot Blocked by Daniel Carcillo.
14:14 of 1st period - Slapshot by Hunter Bishop.
14:14 of 1st period - Shot Misses the Net.
14:48 of 1st period - Minor Penalty to Cedric Paquette for Tripping.
14:49 of 1st period - Curtis McKenzie wins face-off versus Chris Terry in Wolves zone.
15:18 of 1st period - Icing by Dan Biega.
15:19 of 1st period - Carson McMillan wins face-off versus Chris Terry in Penguins zone.
15:35 of 1st period - Daniel Carcillo is hit by Carson McMillan and loses puck.
15:48 of 1st period - Mark Pysyk is hit by Curtis McKenzie and loses puck.
16:48 of 1st period - Penalty to Cedric Paquette is over, Cedric Paquette is back on ice.
17:12 of 1st period - Snap shot by Linden Vey.
17:12 of 1st period - Stopped by Peter Mannino with a rebound.
17:14 of 1st period - Wrist shot by Charles Sarault.
17:14 of 1st period - Shot Misses the Net.
17:28 of 1st period - Hunter Bishop is hit by Kent Huskins and loses puck.
17:59 of 1st period - Snap shot by Philippe Cornet.
17:59 of 1st period - Shot Misses the Net.
18:28 of 1st period - Icing by Yann Sauve.
18:29 of 1st period - Carson McMillan wins face-off versus Cedric Paquette in Wolves zone.
18:38 of 1st period - Wrist shot by Matt Kassian.
18:38 of 1st period - Shot Misses the Net.
19:16 of 1st period - Cody Ceci is hit by Cedric Paquette.
19:45 of 1st period - Landon Ferraro is hit by Matt Kassian.
Goals for this period are 0 for Wolves vs 0 for Penguins.
Shots for this period are 1 for Wolves vs 11 for Penguins.

2nd period


0:01 of 2nd period - Mark McNeill wins face-off versus Jordan Schroeder in neutral zone.
0:11 of 2nd period - Off-side.
0:12 of 2nd period - Mark McNeill wins face-off versus Jordan Schroeder in neutral zone.
0:56 of 2nd period - Snap shot by Daniel Carcillo.
0:56 of 2nd period - Deflect By Christian Hanson.
0:56 of 2nd period - Stopped by Keith Kinkaid with a rebound.
0:58 of 2nd period - Wrist shot by Christian Hanson.
0:58 of 2nd period - Stopped by Keith Kinkaid with a rebound.
0:59 of 2nd period - Jeff Schultz beats up Daniel Carcillo.
0:59 of 2nd period - Penalty to Jeff Schultz for Fighting.
0:59 of 2nd period - Penalty to Daniel Carcillo for Fighting.
1:00 of 2nd period - Carson McMillan wins face-off versus Cedric Paquette in Penguins zone.
1:07 of 2nd period - Slapshot by Andrej Sustr.
1:07 of 2nd period - Stopped by Peter Mannino without a rebound.
1:08 of 2nd period - Carson McMillan wins face-off versus Cedric Paquette in Wolves zone.
1:43 of 2nd period - Snap shot by Aaron Volpatti.
1:43 of 2nd period - Shot Misses the Net.
2:13 of 2nd period - Minor Penalty to Curtis McKenzie for Holding.
2:14 of 2nd period - Jordan Schroeder wins face-off versus Linden Vey in Penguins zone.
2:15 of 2nd period - Wrist shot by Chris Terry.
2:15 of 2nd period - Shot Misses the Net.
3:49 of 2nd period - Wrist shot by Andrej Sustr.
3:49 of 2nd period - Shot Misses the Net.
4:13 of 2nd period - Penalty to Curtis McKenzie is over, Curtis McKenzie is back on ice.
5:00 of 2nd period - Wrist shot by Aaron Volpatti.
5:00 of 2nd period - Stopped by Keith Kinkaid without a rebound.
5:01 of 2nd period - Curtis McKenzie wins face-off versus Landon Ferraro in Penguins zone.
5:34 of 2nd period - Mark Pysyk is hit by Matt Kassian and loses puck.
6:03 of 2nd period - Chris Terry is hit by Philippe Cornet and loses puck.
6:50 of 2nd period - Slapshot by Cedric Paquette.
6:50 of 2nd period - Shot Misses the Net.
6:52 of 2nd period - Snap shot by Christian Hanson.
6:52 of 2nd period - Shot Misses the Net.
7:10 of 2nd period - Landon Ferraro is hit by Curtis McKenzie and loses puck.
7:37 of 2nd period - Slapshot by Linden Vey.
7:37 of 2nd period - Shot Misses the Net.
7:41 of 2nd period - Snap shot by Philippe Cornet.
7:41 of 2nd period - Stopped by Peter Mannino without a rebound.
7:42 of 2nd period - Joel Broda wins face-off versus Charles Sarault in Wolves zone.
7:47 of 2nd period - Philippe Cornet is hit by Joel Broda and loses puck.
8:30 of 2nd period - Snap shot by Tye McGinn.
8:30 of 2nd period - Stopped by Peter Mannino with a rebound.
8:32 of 2nd period - Slapshot by Andrej Sustr.
8:32 of 2nd period - Shot Blocked by Kent Huskins.
9:01 of 2nd period - Off-side.
9:02 of 2nd period - Carson McMillan wins face-off versus Christian Hanson in neutral zone.
9:07 of 2nd period - Snap shot by Andrej Sustr.
9:07 of 2nd period - Shot Misses the Net.
9:55 of 2nd period - Jordan Schroeder is hit by Philippe Cornet and loses puck.
10:02 of 2nd period - Snap shot by Linden Vey.
10:02 of 2nd period - Stopped by Peter Mannino with a rebound.
10:04 of 2nd period - Slapshot by Jeff Schultz.
10:04 of 2nd period - Deflect By Jordan Schroeder.
10:04 of 2nd period - Stopped by Peter Mannino with a rebound.
10:06 of 2nd period - Snap shot by Cody Ceci.
10:06 of 2nd period - Stopped by Peter Mannino with a rebound.
11:28 of 2nd period - Snap shot by Daniel Carcillo.
11:28 of 2nd period - Shot Blocked by Carson McMillan.
11:30 of 2nd period - Slapshot by Mark Pysyk.
11:30 of 2nd period - Shot Blocked by Dan Biega.
11:34 of 2nd period - Snap shot by Christian Hanson.
11:34 of 2nd period - Deflect By Andrej Sustr.
11:34 of 2nd period - Shot Blocked by Dan Biega.
11:34 of 2nd period - Puck is out of play.
11:35 of 2nd period - Cedric Paquette wins face-off versus Mark McNeill in Penguins zone.
12:38 of 2nd period - Icing by Jeff Schultz.
12:39 of 2nd period - Cedric Paquette wins face-off versus Carson McMillan in Penguins zone.
14:14 of 2nd period - Kent Huskins is hit by Matt Kassian and loses puck.
14:19 of 2nd period - Slapshot by Matt Kassian.
14:19 of 2nd period - Stopped by Peter Mannino with a rebound.
14:33 of 2nd period - Wrist shot by Aaron Volpatti.
14:33 of 2nd period - Stopped by Keith Kinkaid with a rebound.
14:35 of 2nd period - Snap shot by Aaron Volpatti.
14:35 of 2nd period - Shot Blocked by Philippe Cornet.
14:37 of 2nd period - Slapshot by Logan Shaw.
14:37 of 2nd period - Shot Misses the Net.
14:39 of 2nd period - Snap shot by Aaron Volpatti.
14:39 of 2nd period - Shot Misses the Net.
14:41 of 2nd period - Wrist shot by Landon Ferraro.
14:41 of 2nd period - Stopped by Keith Kinkaid with a rebound.
14:43 of 2nd period - Slapshot by Corbin McPherson.
14:43 of 2nd period - Shot Misses the Net.
14:54 of 2nd period - Icing by Andrej Sustr.
14:55 of 2nd period - Christian Hanson wins face-off versus Charles Sarault in Penguins zone.
15:00 of 2nd period - Wrist shot by Cedric Paquette.
15:00 of 2nd period - Shot Misses the Net.
15:08 of 2nd period - Wrist shot by Daniel Carcillo.
15:08 of 2nd period - Stopped by Keith Kinkaid without a rebound.
15:09 of 2nd period - Mark McNeill wins face-off versus Landon Ferraro in Penguins zone.
15:09 of 2nd period - Mark McNeill is hit by Aaron Volpatti.
15:40 of 2nd period - Matt Kassian beats up Daniel Carcillo.
15:40 of 2nd period - Penalty to Matt Kassian for Fighting.
15:40 of 2nd period - Penalty to Daniel Carcillo for Fighting.
15:40 of 2nd period - Penalty to Matt Kassian for instigated a fight.
15:40 of 2nd period - Penalty to Matt Kassian for instigated a fight.
15:41 of 2nd period - Cedric Paquette wins face-off versus Curtis McKenzie in neutral zone.
15:48 of 2nd period - Wrist shot by Cedric Paquette.
15:48 of 2nd period - Shot Misses the Net.
16:56 of 2nd period - Wrist shot by Cedric Paquette.
16:56 of 2nd period - Shot Misses the Net.
16:58 of 2nd period - Wrist shot by Cedric Paquette.
16:58 of 2nd period - Shot Misses the Net.
17:00 of 2nd period - Slapshot by Yann Sauve.
17:00 of 2nd period - Stopped by Keith Kinkaid with a rebound.
17:38 of 2nd period - Snap shot by Cedric Paquette.
17:38 of 2nd period - Shot Misses the Net.
17:40 of 2nd period - Penalty to Matt Kassian is over, Garrett Meurs is send on ice.
17:44 of 2nd period - Slapshot by Christian Hanson.
17:44 of 2nd period - Deflect By Cedric Paquette.
17:44 of 2nd period - Stopped by Keith Kinkaid with a rebound.
18:00 of 2nd period - Icing by Mark Pysyk.
18:01 of 2nd period - Carson McMillan wins face-off versus Joel Broda in Wolves zone.
18:09 of 2nd period - Carson McMillan beats up Dane Byers.
18:09 of 2nd period - Penalty to Carson McMillan for Fighting.
18:09 of 2nd period - Penalty to Dane Byers for Fighting.
18:09 of 2nd period - Penalty to Carson McMillan for instigated a fight.
18:09 of 2nd period - Penalty to Carson McMillan for instigated and being the aggresor in a fight.
18:09 of 2nd period - Carson McMillan is ejected from game.
18:10 of 2nd period - Curtis McKenzie wins face-off versus Jordan Schroeder in Wolves zone.
18:13 of 2nd period - Slapshot by Mark McNeill.
18:13 of 2nd period - Stopped by Peter Mannino with a rebound.
18:15 of 2nd period - Minor Penalty to Chris Terry for Hooking.
18:16 of 2nd period - Curtis McKenzie wins face-off versus Aaron Volpatti in Wolves zone.
18:17 of 2nd period - Slapshot by Andrej Sustr.
18:17 of 2nd period - Stopped by Peter Mannino without a rebound.
18:18 of 2nd period - Curtis McKenzie wins face-off versus Aaron Volpatti in Wolves zone.
18:19 of 2nd period - Snap shot by Mark McNeill.
18:19 of 2nd period - Stopped by Peter Mannino without a rebound.
18:20 of 2nd period - Curtis McKenzie wins face-off versus Aaron Volpatti in Wolves zone.
18:56 of 2nd period - Wrist shot by Jared Boll.
18:56 of 2nd period - Shot Misses the Net.
19:24 of 2nd period - Snap shot by Jared Boll.
19:24 of 2nd period - Shot Blocked by Dan Biega.
19:35 of 2nd period - Yann Sauve is hit by Hunter Bishop and loses puck.
19:58 of 2nd period - Wrist shot by Aaron Volpatti.
19:58 of 2nd period - Shot Misses the Net.
Goals for this period are 0 for Wolves vs 0 for Penguins.
Shots for this period are 8 for Wolves vs 10 for Penguins.

3rd period


0:01 of 3rd period - Curtis McKenzie wins face-off versus Aaron Volpatti in neutral zone.
0:04 of 3rd period - Wrist shot by Cody Ceci.
0:04 of 3rd period - Shot Blocked by Mark Pysyk.
0:08 of 3rd period - Slapshot by Jeff Schultz.
0:08 of 3rd period - Shot Blocked by Mark Pysyk.
0:09 of 3rd period - Penalty to Carson McMillan is over, Charles Sarault is send on ice.
0:10 of 3rd period - Wrist shot by Cody Ceci.
0:10 of 3rd period - Shot Misses the Net.
0:12 of 3rd period - Wrist shot by Jeff Schultz.
0:12 of 3rd period - Deflect By Kent Huskins.
0:12 of 3rd period - Stopped by Peter Mannino without a rebound.
0:13 of 3rd period - Jared Boll wins face-off versus Charles Sarault in Wolves zone.
0:15 of 3rd period - Penalty to Chris Terry is over, Chris Terry is back on ice.
0:36 of 3rd period - Slapshot by Jared Boll.
0:36 of 3rd period - Stopped by Keith Kinkaid without a rebound.
0:37 of 3rd period - Cedric Paquette wins face-off versus Charles Sarault in Penguins zone.
0:51 of 3rd period - Dan Biega beats up Aaron Volpatti.
0:51 of 3rd period - Penalty to Dan Biega for Fighting.
0:51 of 3rd period - Penalty to Aaron Volpatti for Fighting.
0:52 of 3rd period - Jordan Schroeder wins face-off versus Mark McNeill in Wolves zone.
2:38 of 3rd period - Icing by Chris Terry.
2:39 of 3rd period - Charles Sarault wins face-off versus Cedric Paquette in Wolves zone.
3:51 of 3rd period - Yann Sauve is hit by Chris Huxley and loses puck.
5:21 of 3rd period - Landon Ferraro is hit by Curtis McKenzie and loses puck.
5:30 of 3rd period - Wrist shot by Mark McNeill.
5:30 of 3rd period - Shot Misses the Net.
5:32 of 3rd period - Slapshot by Andrej Sustr.
5:32 of 3rd period - Stopped by Peter Mannino with a rebound.
5:34 of 3rd period - Snap shot by Mark McNeill.
5:34 of 3rd period - Shot Misses the Net.
5:54 of 3rd period - Icing by Curtis McKenzie.
5:55 of 3rd period - Mark McNeill wins face-off versus Cedric Paquette in Penguins zone.
6:02 of 3rd period - Slapshot by Mark Pysyk.
6:02 of 3rd period - Shot Misses the Net.
6:04 of 3rd period - Wrist shot by Cedric Paquette.
6:04 of 3rd period - Shot Misses the Net.
6:20 of 3rd period - Tye McGinn is hit by Chris Terry and loses puck.
6:25 of 3rd period - Snap shot by Jordan Schroeder.
6:25 of 3rd period - Shot Blocked by J.C. Lipon.
6:27 of 3rd period - Wrist shot by Chris Terry.
6:27 of 3rd period - Stopped by Keith Kinkaid without a rebound.
6:28 of 3rd period - Jordan Schroeder wins face-off versus Charles Sarault in Penguins zone.
8:11 of 3rd period - Tye McGinn is hit by Aaron Volpatti.
8:19 of 3rd period - Corbin McPherson is hit by Jeff Schultz and loses puck.
9:14 of 3rd period - Wrist shot by Dane Byers.
9:14 of 3rd period - Stopped by Keith Kinkaid with a rebound.
9:16 of 3rd period - Slapshot by Mark Pysyk.
9:16 of 3rd period - Shot Misses the Net.
9:18 of 3rd period - Backhand shot by Mark Pysyk.
9:18 of 3rd period - Shot Misses the Net.
9:25 of 3rd period - Icing by Dan Biega.
9:26 of 3rd period - Jordan Schroeder wins face-off versus Charles Sarault in Penguins zone.
9:41 of 3rd period - Snap shot by Jared Boll.
9:41 of 3rd period - Shot Misses the Net.
10:23 of 3rd period - Tye McGinn is hit by Daniel Carcillo.
10:40 of 3rd period - 10 Minutes Misconduct Penalty to Matt Kassian is over.
12:04 of 3rd period - Snap shot by Mark McNeill.
12:04 of 3rd period - Stopped by Peter Mannino without a rebound.
12:05 of 3rd period - Jordan Schroeder wins face-off versus Mark McNeill in Wolves zone.
12:25 of 3rd period - Off-side.
12:26 of 3rd period - Linden Vey wins face-off versus Joel Broda in neutral zone.
13:09 of 3rd period - 10 Minutes Misconduct Penalty to Carson McMillan is over.
13:31 of 3rd period - Wrist shot by Mark McNeill.
13:31 of 3rd period - Stopped by Peter Mannino with a rebound.
13:33 of 3rd period - Slapshot by Cody Ceci.
13:33 of 3rd period - Deflect By Mark McNeill.
13:33 of 3rd period - Shot Blocked by Mark Pysyk.
13:33 of 3rd period - Puck is out of play.
13:34 of 3rd period - Mark McNeill wins face-off versus Jordan Schroeder in Wolves zone.
16:03 of 3rd period - Wrist shot by Chris Terry.
16:03 of 3rd period - Shot Blocked by Charles Sarault.
17:40 of 3rd period - Chris Terry is hit by Tye McGinn and loses puck.
18:10 of 3rd period - Slapshot by Landon Ferraro.
18:10 of 3rd period - Shot Misses the Net.
18:38 of 3rd period - Wrist shot by Tye McGinn.
18:38 of 3rd period - Shot Hit the Post.
18:40 of 3rd period - Snap shot by Mark McNeill.
18:40 of 3rd period - Stopped by Peter Mannino with a rebound.
18:42 of 3rd period - Slapshot by Dean Arsene.
18:42 of 3rd period - Shot Blocked by Christian Hanson.
18:44 of 3rd period - Slapshot by Cody Ceci.
18:44 of 3rd period - Shot Misses the Net.
18:46 of 3rd period - Wrist shot by Mark McNeill.
18:46 of 3rd period - Stopped by Peter Mannino without a rebound.
18:47 of 3rd period - Joel Broda wins face-off versus Curtis McKenzie in Wolves zone.
19:00 of 3rd period - Chris Terry is hit by Dean Arsene and loses puck.
19:23 of 3rd period - Corbin McPherson is hit by Charles Sarault and loses puck.
19:59 of 3rd period - Slapshot by Aaron Volpatti.
19:59 of 3rd period - Stopped by Keith Kinkaid with a rebound.
Goals for this period are 0 for Wolves vs 0 for Penguins.
Shots for this period are 4 for Wolves vs 6 for Penguins.

Overtime #1


0:01 of 1st overtime period - Chris Terry wins face-off versus Curtis McKenzie in neutral zone.
0:10 of 1st overtime period - Slapshot by Jeff Schultz.
0:10 of 1st overtime period - Stopped by Peter Mannino with a rebound.
0:30 of 1st overtime period - Snap shot by Chris Terry.
0:30 of 1st overtime period - Shot Misses the Net.
0:32 of 1st overtime period - Slapshot by Kent Huskins.
0:32 of 1st overtime period - Stopped by Keith Kinkaid with a rebound.
0:34 of 1st overtime period - Wrist shot by Kent Huskins.
0:34 of 1st overtime period - Stopped by Keith Kinkaid with a rebound.
0:36 of 1st overtime period - Wrist shot by Chris Terry.
0:36 of 1st overtime period - Goal by Chris Terry - Wolves : 1 - Penguins : 0.
Goals for this period are 1 for Wolves vs 0 for Penguins.
Shots for this period are 3 for Wolves vs 1 for Penguins.


Output by the SimonT Hockey Simulator (STHS) for Eric Dolegowski -- Original Page W3C XHTML 1.0 Valid
Hockey Simulator - Hockey Simulation - Hockey Manager